 Dungeon Crawl Stone Soup version 0.32-a0-928-g1cae6b7ea0 (webtiles) character file.

Game seed: 17972747447992358816

648 shayl the Covered (level 7, -7/100 HPs)
             Began as a Minotaur Fighter on Jan 20, 2023.
             Was a Follower of Beogh.
             Killed by an exploding orc priest (32 damage)
             ... ignited by their inner flame
             ... on level 5 of the Dungeon on Apr 12, 2024.
             The game lasted 00:34:41 (3251 turns).

shayl the Covered (Minotaur Fighter)                Turns: 3251, Time: 00:34:42

Health: -7/100     AC: 23    Str: 28    XL:     7   Next: 27%
Magic:  6/6        EV:  2    Int:  5    God:    Beogh [*.....]
Gold:   157        SH:  4    Dex:  9    Spells: 6/6 levels left

rFire   . . .        e - +7 broad axe of the Known World {flame, Str+5}
rCold   . . .        c - +0 buckler
rNeg    . . .        t - melded +1 chain mail {rF+}
rPois   +            (helmet currently unavailable)
rElec   .            (cloak currently unavailable)
rCorr   .            (gloves currently unavailable)
SInv    .            (boots currently unavailable)
Will    .....        (no amulet)
Stlth   +            j - +4 ring of slaying
HPRegen 0.36/turn    (no ring)
MPRegen 0.10/turn

%: no passive effects
@: brilliant, lethally poisoned (-7 -> -12), tree-form, attractive, invisible
(expiring)
A: stationary, stasis, torment immunity, boosted hp, (horns 2), (retaliatory
headbutt), robust 1, (electricity resistance), (teleportitis 1)
a: Renounce Religion


You were on level 5 of the Dungeon.
You worshipped Beogh.
Beogh was aware of your devotion.
You were a tree.
You visited 1 branch of the dungeon, and saw 5 of its levels.

You collected 157 gold pieces.

Inventory:

Hand Weapons
 a - a +0 long sword
 e - the +7 broad axe of the Known World (weapon) {flame, Str+5}
   (You acquired it on level 5 of the Dungeon)

   Str+5:     It affects your strength (+5).
 s - a +2 dagger of speed
 y - a +2 short sword of venom
 B - a +4 heavy spear
Armour
 b - a +0 scale mail
 c - a +0 buckler (worn)
 t - a +1 chain mail of fire resistance (melded)
Jewellery
 j - a +4 ring of slaying (left branch)
Wands
 v - a wand of paralysis (3)
 A - a wand of flame (18)
Scrolls
 i - a scroll of blinking {unknown}
 l - a scroll of torment
 m - a scroll of silence {unknown}
 o - 2 scrolls of teleportation {unknown}
 p - 5 scrolls of identify {unknown}
Potions
 d - a potion of might
 h - a potion of brilliance


   Skills:
 * Level 5.6 Fighting
 - Level 4.1 Long Blades
 * Level 3.1 Polearms
 + Level 6.8 Armour
 + Level 1.4 Dodging
 - Level 0.2 Stealth
 + Level 4.8 Shields


You had 6 spell levels left.
You didn't know any spells.
Your spell library was empty.

Dungeon Overview and Level Annotations

Branches:
Dungeon (5/15)             Temple (0/1) D:4

Altars:
Vehumet
Xom

Shops:
D:2 !

Annotations:
D:3 Sigmund
D:4 Dowan, Duvessa


Innate Abilities, Weirdness & Mutations

You are a tree.
Your roots penetrate the ground, keeping you stationary.
You cannot be teleported.
You are immune to unholy pain and torment.
Your maximum health is greatly increased.
Your equipment is partially melded.
((You have a pair of horns on your head.))
((You reflexively headbutt those who attack you in melee.))
You are robust. (+10% HP)
((You are resistant to electric shocks. (rElec)))
((You are occasionally teleported next to monsters.))


Message History

It is a scroll of enchant weapon.
Your +3 heavy spear glows red for a moment.
You feel sick.
The orc priest hits you but does no damage.
As you read the scroll labelled YZXIPT UWAOJUEDD, it crumbles to dust.
The creatures around you are filled with an inner flame!
It was a scroll of immolation.
You feel sick.
The orc priest hits you but does no damage.
This is a scroll of acquirement!
Something appears at your feet!
You feel sick.
You are no longer poisoned.
The orc priest completely misses you.
Okay, then.
Okay, then.
e - the +7 broad axe of the Known World {flame, Str+5} The orc priest hits you but does no damage.
You feel stronger.
The +7 broad axe of the Known World {flame, Str+5} bursts into flame!
e - the +7 broad axe of the Known World (weapon)
{flame, Str+5} You block the orc priest's attack.
You catch the helpless orc priest completely off-guard!
You hit the orc priest.
Flame seeps out of the orc priest.
You burn the orc priest.
Flame seeps out of the orc priest.
The orc priest is almost dead.
You barely miss the orc priest.
The orc priest is almost dead.
You flicker for a moment.
You block the orc priest's attack.
The orc priest hits you but does no damage.
You are poisoned.
You closely miss the orc priest.
The orc priest is almost dead.
You feel very sick.
The orc priest hits you but does no damage.
You slice the orc priest!! You burn the orc priest. Beogh accepts your kill.
Beogh appreciates your killing of a heretic priest.
The orc priest explodes!
The fiery explosion engulfs you!!
You die...

############### ###############
##### ############### *******
##...## ############### *,,,,,,
#.###.##################***,*****
#.# #...#############...,,,,*****
#.###.#.#############...,,**,,,,*
##..)##......§§.♣§S.#...*,,,,,*,,
##.###############....##*,,,***,
###(###############.....#.,,,,*,,
#..........######.........**,,,,*
#.#.######.######.#......o,,,<,,,
#.#.# ##o######.#.......,,*,,,*
#,#.# ##...#####.#.....#.,,,,*,,
#.#.####......###.#....###,,,***,
#.#..........#>#*,,,,,,,*,,*,,*,,


You could see an adder (inner flame, unable to see you).

Vanquished Creatures
  A sky beast (D:5)
  2 ogres (D:5)
  A phantom (D:5)
  A scorpion (D:5)
  A hound (D:5)
  An orc priest (D:5)
  Ijyb (D:3)
  Terence (D:2)
  An iguana (D:2)
  An orc wizard (D:3)
  Robin (D:2)
  3 adders (D:2)
  A gnoll (D:5)
  A ribbon worm (D:2)
  6 orcs
  5 bats
  5 endoplasms
  A giant cockroach (D:3)
  11 goblins
  7 hobgoblins
  3 quokkas
  9 ball pythons
  A frilled lizard (D:3)
  5 kobolds
  4 rats
74 creatures vanquished.

Vanquished Creatures (others)
  An orc (D:5)
1 creature vanquished.

Grand Total: 75 creatures vanquished

Notes
Turn   | Place    | Note
-------+----------+-------------------------------------------
     0 | D:1      | shayl the Minotaur Fighter began the quest for the Orb.
     0 | D:1      | Reached XP level 1. HP: 19/19 MP: 0/0
   341 | D:1      | Reached skill level 4 in Armour
   354 | D:1      | Reached XP level 2. HP: 27/27 MP: 1/1
   396 | D:1      | Upgraded the game from 0.30-a0-696-g2367cd04db to
                  | 0.32-a0-928-g1cae6b7ea0
   485 | D:1      | Found a faded altar of an unknown god.
   657 | D:2      | Found a shimmering altar of Xom.
   676 | D:2      | Reached XP level 3. HP: 16/33 MP: 2/2
   880 | D:2      | Noticed Terence
   886 | D:2      | Noticed Robin
   889 | D:2      | Killed Terence
   890 | D:2      | Reached XP level 4. HP: 33/40 MP: 3/3
  1114 | D:3      | Became a worshipper of Beogh the Shepherd
  1251 | D:3      | Found a radiant altar of Vehumet.
  1363 | D:3      | Noticed Ijyb
  1367 | D:3      | Paralysed by Ijyb for 5 turns
  1378 | D:3      | Paralysed by Ijyb for 4 turns
  1386 | D:3      | Killed Ijyb
  1387 | D:3      | Reached skill level 5 in Armour
  1387 | D:3      | Reached XP level 5. HP: 47/47 MP: 4/4
  1526 | D:3      | Noticed Sigmund
  1581 | D:4      | Noticed Dowan
  1643 | D:4      | Noticed Duvessa
  1911 | D:2      | Found Xejilu's Distillery.
  2106 | D:2      | Killed Robin
  2112 | D:2      | Reached * piety under Beogh
  2813 | D:4      | Found a staircase to the Ecumenical Temple.
  2849 | D:5      | Entered Level 5 of the Dungeon
  2849 | D:5      | Noticed a sky beast
  2862 | D:5      | Killed a sky beast
  2863 | D:5      | Reached skill level 1 in Polearms
  2863 | D:5      | Reached skill level 6 in Armour
  2863 | D:5      | Reached skill level 1 in Dodging
  2863 | D:5      | Reached XP level 6. HP: 41/55 MP: 5/5
  2969 | D:5      | Reached skill level 5 in Fighting
  3088 | D:5      | Reached XP level 7. HP: 60/61 MP: 6/6
  3230 | D:5      | Gained mutation: You are resistant to electric shocks.
                  | (rElec) [potion of mutation]
  3230 | D:5      | Gained mutation: You are occasionally teleported next to
                  | monsters. [potion of mutation]
  3230 | D:5      | Gained mutation: You are robust. (+10% HP) [potion of
                  | mutation]
  3245 | D:5      | Identified a scroll of acquirement
  3245 | D:5      | Acquired the +7 broad axe of the Known World {flame, Str+5}
  3251 | D:5      | Killed by an exploding orc priest... ignited by their inner
                  | flame

Illustrated notes

Levels and vault maps discovered:
D:1:      minmay_arrival_stair_chambers, layout_basic,
          chequers_ecumenical_altar_lobes
D:2:      layout_basic, basic_altar, serial_shops, shop, minmay_close_crescents,
          uniq_terence, uniq_robin
D:3:      layout_loops_cross, lemuel_tele_altar, uniq_sigmund, uniq_ijyb
D:4:      layout_rooms, mainiacjoe_overflow_brackets,
          minmay_temple_entry_from_below_a, uniq_duvessa, uniq_natasha
D:5:      minmay_spotlight, layout_loops_ring, minivault_19,
          minmay_strange_pillars

Skill      XL: |  1  2  3  4  5  6  7 |
---------------+----------------------+-----
Armour         | 4 5 6 |  6.8
Fighting       | 4 5 |  5.6
Long Blades    | 3 4 |  4.1
Shields        | 4 |  4.8
Polearms       | 1 2 3 |  3.1
Dodging        | 1 |  1.4
Stealth        | |  0.2

Action                     |  1- 3 |  4- 6 |  7- 9 || total
---------------------------+-------+-------+-------++-------
  Melee: Long sword        |    45 |    67 |       ||   112
         Headbutt          |     5 |    16 |     1 ||    22
         Short sword       |       |    14 |       ||    14
         Spear             |       |    25 |    19 ||    44
         Broad axe         |       |       |     4 ||     4
 Invoke: Convert to Beogh  |       |     1 |       ||     1
    Use: Scroll            |       |       |     7 ||     7
         Potion            |       |       |     7 ||     7
   Stab: Invisible         |       |       |     1 ||     1
 Armour: Scale mail        |    39 |     2 |       ||    41
         Chain mail        |       |   122 |    15 ||   137
         Skin              |       |       |    16 ||    16
  Dodge: Dodged            |    17 |    45 |     5 ||    67
  Block: Buckler           |    13 |    25 |     6 ||    44

Table legend: (Time is in decaauts)
 A = Elapsed time spent in this place.
 B = Non-inter-level travel time spent in this place.
 C = Inter-level travel time spent in this place.
 D = Time resting spent in this place.
 E = Time spent auto-exploring this place.
 F = Levels seen in this place.
 G = Mean time per level.
                   A        B        C        D        E       F      G
               +--------+--------+--------+--------+--------+-----+--------+
         Total |   3305 |   3305 |      0 |    477 |     57 |   5 |  661.0 |
       Dungeon |   3305 |   3305 |      0 |    477 |     57 |   5 |  661.0 |
               +--------+--------+--------+--------+--------+-----+--------+

Top non-repeatable levels by time:
     D:3: 1001 daAuts
     D:2: 997 daAuts
     D:1: 721 daAuts
     D:5: 423 daAuts
     D:4: 161 daAuts
